 Dungeon Crawl Stone Soup version 0.22-a0-776-ge6d7efa (webtiles) character file.

9 Amnesiac the Digger (level 2, -1/19 HPs)
             Began as a Demonspawn Earth Elementalist on July 18, 2018.
             Slain by a worker ant (2 damage)
             ... on level 4 of the Dungeon.
             The game lasted 00:01:58 (665 turns).

Amnesiac the Digger (Demonspawn Earth Elementalist)  Turns: 665, Time: 00:01:59

Health: -1/19      AC:  4    Str:  8    XL:     2   Next: 6%
Magic:  0/5        EV: 12    Int: 16    God:
Gold:   0          SH:  0    Dex: 13    Spells: 2/5 levels left

rFire    . . .     SeeInvis .   (no weapon)
rCold    . . .     Gourm    .   (no shield)
rNeg     . . .     Faith    .   c - +0 robe
rPois    .         Spirit   .   (no helmet)
rElec    .         Reflect  .   (no cloak)
rCorr    .         Harm     .   (no gloves)
MR       .....                  (no boots)
Stlth    ++........             (no amulet)
HPRegen  0.06/turn              (no ring)
MPRegen  0.09/turn              (no ring)

@: no status effects
A: molten scales 1
a: no special abilities


You were on level 4 of the Dungeon.
You were not hungry.

You visited 1 branch of the dungeon, and saw 4 of its levels.

Inventory:

Missiles
 b - 10 stones (quivered)
Armour
 c - a +0 robe (worn)
Jewellery
 h - an uncursed ring of flight {unknown}
Scrolls
 a - a scroll of noise {!r, unknown}
 e - 2 scrolls of amnesia {!r, unknown}
 g - a scroll of magic mapping {!r, unknown}
Comestibles
 d - a ration


   Skills:
 + Level 0.0 Fighting
 - Level 2.0 Dodging
 - Level 2.0 Stealth
 - Level 2.1 Spellcasting
 - Level 0.8 Transmutations
 - Level 2.9 Earth Magic


You had 2 spell levels left.
You knew the following spells:

 Your Spells              Type           Power        Failure   Level  Hunger
a - Sandblast             Erth           ##....       6%          1    #......
b - Passwall              Tmut/Erth      #.......     14%         2    ###....

Your spell library contained the following spells:

 Spells                   Type           Power        Failure   Level  Hunger
 Stone Arrow              Conj/Erth      #.....       32%         3    ###....
 Lee's Rapid Deconstruct  Erth           ##........   86%         5    ######.
 Petrify                  Tmut/Erth      #.......     67%         4    #####..


Dungeon Overview and Level Annotations

Branches:
Dungeon (4/15)
 Temple: D:4-7

Altars:
Fedhas

Shops:
D:4 ?


Innate Abilities, Weirdness & Mutations

You are partially covered in molten scales. (AC +2)


Message History

The worker ant is severely wounded.
b - 12 stones The worker ant bites you.
You are poisoned.
The worker ant poisons you!
Casting: Sandblast (safe; 6% risk of failure)
Confirm with . or Enter, or press ? or * to list all spells.
You don't have enough magic to cast that spell.
Casting: Sandblast (safe; 6% risk of failure)
Confirm with . or Enter, or press ? or * to list all spells.
You don't have enough magic to cast that spell.
Casting: Sandblast (safe; 6% risk of failure)
Confirm with . or Enter, or press ? or * to list all spells.
You don't have enough magic to cast that spell.
You feel sick.
You aren't carrying any potions.
You feel sick. The worker ant completely misses you.
You feel sick.
You feel sick. The worker ant bites you.
* * * LOW HITPOINT WARNING * * *
The worker ant waves its antennae.
Casting: Sandblast (safe; 6% risk of failure)
Confirm with . or Enter, or press ? or * to list all spells.
Aiming: Sandblast (safe; 6% risk of failure)
Press: ? - help, Shift-Dir - straight line, f/p - worker ant
Aim: a worker ant (severely wounded)
The blast of sand hits the worker ant.
The worker ant is almost dead.
b - 11 stones
* * * LOW HITPOINT WARNING * * *
You feel sick.
The worker ant bites you but does no damage.
Unknown command.
The worker ant bites you but does no damage.
You aren't carrying any potions.
Okay, then.
* * * LOW HITPOINT WARNING * * *
You feel sick.
Unknown command.
An adder comes into view.
The worker ant bites you but does no damage.
Unknown command.
Unknown command.
* * * LOW HITPOINT WARNING * * *
You feel sick.
Found a scroll labeled DEOVIJ ETSUAFO.
Unknown command.
Unknown command.
Unknown command.
The worker ant barely misses you.
Unknown command.
Casting: Sandblast (safe; 6% risk of failure)
Confirm with . or Enter, or press ? or * to list all spells.
Aiming: Sandblast (safe; 6% risk of failure)
Press: ? - help, Shift-Dir - straight line, f/p - worker ant
Aim: a worker ant (almost dead)
The blast of sand misses the worker ant.
b - 10 stones
* * * LOW HITPOINT WARNING * * *
You feel sick.
You are no longer poisoned.
The worker ant bites you.
You die...

### .?# #.# #S#
#.# #.# #.. #@#
#.# #a# #.#
#.##.# #.#
#.##.# #.#
#.##.# ..#.#
#.##.# ..#.#
#.##.# #.#.#
#.##.#
#.#.######.##.#


You could see a worker ant and an adder (sleeping).

Vanquished Creatures
  A leopard gecko (D:3)
  An orc (D:4)
  2 giant cockroaches
  A hobgoblin (D:3)
  A ball python (D:4)
  A rat (D:3)
7 creatures vanquished.

Notes
Turn   | Place    | Note
-------+----------+-------------------------------------------
     0 | D:1      | Amnesiac the Demonspawn Earth Elementalist began the quest for the Orb.
     0 | D:1      | Reached XP level 1. HP: 13/13 MP: 3/3
     0 | D:1      | Noticed a large abomination
     3 | D:1      | Noticed a large abomination
     7 | D:1      | Noticed an orb of fire
     8 | D:1      | Noticed a large abomination
    10 | D:1      | Noticed a golden dragon
    10 | D:1      | Noticed a shadow dragon
    12 | D:1      | Noticed an orb of fire
    13 | D:1      | Noticed a large abomination
    14 | D:1      | Noticed an ice dragon
    14 | D:1      | Noticed an iron dragon
    16 | D:1      | Noticed a tentacled monstrosity
    16 | D:1      | Noticed a tentacled monstrosity
    18 | D:1      | Noticed an ice dragon
    91 | D:2      | Found a blossoming altar of Fedhas.
   214 | D:4      | Found Redara's Magic Scroll Boutique.
   214 | D:4      | Noticed an iguana
   217 | D:4      | Gained mutation: You are partially covered in molten scales. (AC +2) [demonic ancestry]
   217 | D:4      | Reached XP level 2. HP: 19/19 MP: 3/5
   228 | D:4      | Learned a level 2 spell: Passwall
   665 | D:4      | Slain by a worker ant

Vault maps used:
D:1:      shiori_arrival_whats_in_store_for_you
D:2:      fedhas_altar_2, uniq_sigmund
D:3:      lemuel_blue_sif_altar, chequers_temple_overflow_statue_of_worship
D:4:      kennysheep_goblin_castle, grunt_temple_overflow_order_and_chaos_2,
          bloody_trog, kennysheep_mini, serial_shops, kennysheep_mini_moat,
          kennysheep_generic_room_10, uniq_edmund

Skill      XL: |  1 |
---------------+----+-----
Dodging        | 2 |  2.0
Stealth        | 2 |  2.0
Spellcasting   | |  2.1
Transmutations | |  0.8
Earth Magic    | |  2.9

Action                   || total
-------------------------++-------
Melee: Unarmed           ||     2
 Cast: Sandblast         ||    20
       Passwall          ||     1
Armor: Robe              ||     4
Dodge: Dodged            ||    12

Table legend:
 A = Spawn XP
 B = Non-spawn XP
 C = Spawn XP percentage of total XP
 D = Spawn monster count
 E = Non-spawn monster count
 F = Spawn count percentage of total count
 G = Total turns spent on level
                    A         B        C        D         E        F      G
               +---------+---------+-------+---------+---------+-------+---------
         Total |       0 |      14 |   0.0 |       0 |       7 |   0.0 |   665
               +---------+---------+-------+---------+---------+-------+---------
           D:2 |       0 |       2 |   0.0 |       0 |       1 |   0.0 |    21
           D:3 |       0 |       6 |   0.0 |       0 |       3 |   0.0 |    88
           D:4 |       0 |       6 |   0.0 |       0 |       3 |   0.0 |   525
               +---------+---------+-------+---------+---------+-------+---------
